 Dungeon Crawl Stone Soup version 0.31-a0-1074-g0b22e4e0f1 (webtiles) character file.

Game seed: 3393919515609677019

50349 perezv8180 the Wrestler (level 14, -13/190 HPs)
             Began as a Troll Monk on Nov 29, 2023.
             Was the Champion of Okawaru.
             Constricted to death by Jorgrun (17 damage)
             ... on level 2 of the Orcish Mines.
             The game lasted 01:05:42 (14892 turns).

perezv8180 the Wrestler (Troll Monk)               Turns: 14892, Time: 01:05:43

Health: -13/190    AC: 12    Str: 32    XL:     14   Next: 19%
Magic:  13/13      EV:  9    Int:  4    God:    Okawaru [******]
Gold:   1112       SH: 11    Dex: 15    Spells: 13/13 levels left

rFire   + +          +
                       - Unarmed
rCold   + + +        A - +2 kite shield of Boib {rF+++ Int-2 Dex+3 Stlth-}
rNeg    . . .        k - +4 skin of Zhor {*Englaciate rC+++ SInv}
rPois   .            p - +2 hat
rElec   .            r - +2 cloak
rCorr   .            (gloves unavailable)
SInv    +            (boots unavailable)
Will    +....        s - amulet of regeneration Stlth
                     W - +6 ring of strength
HPRegen 2.11/turn    z - ring of protection from fire
MPRegen 0.13/turn

%: no passive effects
@: berserking, grasped by roots, constricted, very quick
A: large, unfitting armour, claws 3, regeneration 1, shaggy fur 1, tough skin 1,
hooves 1, deformed body, mutation resistance 1
a: Renounce Religion, Heroism, Finesse, Duel


You were on level 2 of the Orcish Mines.
You worshipped Okawaru.
Okawaru was exalted by your worship.
You visited 4 branches of the dungeon, and saw 19 of its levels.
You also visited: Bailey.

You collected 1967 gold pieces.
You spent 855 gold pieces at shops.

Inventory:

Hand Weapons
 i - a +4 dagger of freezing
 w - a +2 short sword of venom
 Q - a +0 dire flail
 R - a +0 giant spiked club
Missiles
 N - 4 silver javelins
Armour
 a - a +0 robe
 c - an orb of light
 k - the +4 skin of Zhor (worn) {*Englaciate rC+++ SInv}
   (You acquired it on level 3 of the Dungeon)

   *Englaciate: It radiates cold, occasionally slowing all nearby creatures who
   are not resistant to cold.
   rC+++:     It renders you almost immune to cold.
   SInv:      It lets you see invisible.
 p - a +2 hat (worn)
 r - a +2 cloak (worn)
 y - +2 steam dragon scales
 A - the +2 kite shield of Boib (worn) {rF+++ Int-2 Dex+3 Stlth-}
   (Okawaru gifted it to you on level 9 of the Dungeon)

   Int-2:     It affects your intelligence (-2).
   Dex+3:     It affects your dexterity (+3).
   rF+++:     It renders you almost immune to fire.
   Stlth-:    It makes you less stealthy.
 M - a scarf of invisibility
Jewellery
 s - an amulet of regeneration (around neck)
 z - a ring of protection from fire (right claw)
 G - a ring of see invisible
 O - a +6 ring of intelligence
 W - a +6 ring of strength (left claw)
Talismans
 v - a maw talisman
Wands
 h - a wand of paralysis (17)
 q - a wand of mindburst (47)
 x - a wand of acid (19)
 C - a wand of iceblast (14)
 L - a wand of flame (8)
 S - a wand of polymorph (6)
Scrolls
 e - 10 scrolls of teleportation
 f - 3 scrolls of immolation
 m - 2 scrolls of poison
 u - 7 scrolls of enchant weapon
 F - 2 scrolls of butterflies
 J - a scroll of fog {unknown}
 P - 2 scrolls of noise
 U - a scroll of revelation {unknown}
 V - 2 scrolls of fear
Potions
 b - a potion of ambrosia
 d - 3 potions of haste
 g - a potion of brilliance
 j - 4 potions of degeneration
 l - a potion of lignification
 n - 4 potions of heal wounds
 o - a potion of resistance
 t - 8 potions of curing
 B - a potion of enlightenment
 D - 4 potions of attraction
 E - 2 potions of invisibility
 I - a potion of cancellation
 K - 2 potions of magic
 T - a potion of mutation


   Skills:
 - Level 5.0 Fighting
 - Level 7.0 Dodging
 + Level 5.1 Shields
 - Level 22.0 Unarmed Combat


You had 13 spell levels left.
You didn't know any spells.
Your spell library contained the following spells:

 Spells                   Type           Power      Damage    Failure   Level
 Sandblast                Erth           0%         2d4       69%         1
 Passwall                 Tmut/Erth      0%         N/A       83%         2
 Scorch                   Fire           0%         2d5       83%         2
 Stone Arrow              Conj/Erth      0%         3d7       96%         3
 Brom's Barrelling Bould  Conj/Erth      0%         2d3       100%        4
 Flame Wave               Conj/Fire      0%         2d4       100%        4
 Olgreb's Toxic Radiance  Pois           0%         N/A       100%        4
 Borgnjor's Vile Clutch   Necr/Erth      0%         N/A       100%        5
 Discord                  Hex            0%         N/A       100%        8
 Ignition                 Fire           0%         3d3       100%        8
 Animate Dead             Necr           Unusable   N/A       N/A         4
 Death Channel            Necr           Unusable   N/A       N/A         6
 Summon Cactus Giant      Summ           Unusable   N/A       N/A         6

Dungeon Overview and Level Annotations

Branches:
Dungeon (14/15)            Temple (1/1) D:4            Lair (2/5) D:10
    Orc (2/2) D:9          Vaults (0/5) D:13         Bailey (visited)
  Swamp: Lair:2-3    Shoals: Lair:2-3     Snake: Lair:2-3    Spider: Lair:2-3
    Elf: Orc:2

Altars:
Ashenzari
Cheibriados
Dithmenos
Elyvilon
Fedhas
Gozag
Hepliaklqana
Kikubaaqudgha
Makhleb
Nemelex Xobeh
Okawaru
Qazlal
Ru
Sif Muna
Trog
Uskayaw
Vehumet
Wu Jian
Xom
Yredelemnul
Zin
The Shining One

Shops:
D:3 *   Orc:2 =!

Annotations:
D:7 2 transporters, 0gre's ghost, novice GnIE
Orc:1 3 runed translucent doors, Caicsaam's ghost, journeyman MiFi
Orc:2 Jorgrun


Innate Abilities, Weirdness & Mutations

You are too large for most types of armour.
You have claws for hands.
Your natural rate of healing is unusually fast.
You are covered in fur. (AC +1)
You have tough skin. (AC +1)
You have large cloven feet.
Armour fits poorly on your strangely shaped body.
You are somewhat resistant to further mutation.


Message History

You radiate an aura of cold.
Jorgrun seems to slow down.
Jorgrun hits you with a staff of earth! Jorgrun shatters you.
The grasping roots constrict you.
You barely miss Jorgrun. You kick Jorgrun.
Jorgrun is lightly wounded.
You radiate an aura of cold.
Jorgrun seems to slow down.
You barely miss Jorgrun. Your kick misses Jorgrun.
Jorgrun is lightly wounded.
You block Jorgrun's attack. The grasping roots constrict you!
You closely miss Jorgrun. You kick Jorgrun, but do no damage.
Jorgrun is lightly wounded.
You barely miss Jorgrun. Your kick misses Jorgrun.
Jorgrun is lightly wounded.
Jorgrun gestures at you while chanting.
You struggle to resist.
The grasping roots constrict you!
You mangle Jorgrun!! Your kick misses Jorgrun.
Jorgrun is moderately wounded.
You mangle Jorgrun!! Your kick misses Jorgrun.
Jorgrun is heavily wounded.
Jorgrun mutters some incantations to himself.
Jorgrun hits you with a staff of earth! The grasping roots constrict you.
You closely miss Jorgrun. Your kick misses Jorgrun.
Jorgrun is heavily wounded.
You scratch Jorgrun but do no damage. You kick Jorgrun.
Jorgrun is heavily wounded.
You radiate an aura of cold.
Jorgrun resists.
You block Jorgrun's attack. The grasping roots constrict you!!
* * * LOW HITPOINT WARNING * * *
You closely miss Jorgrun. You kick Jorgrun.
Jorgrun is heavily wounded.
Okay, then.
Okay, then.
A red film seems to cover your vision as you go berserk!
You feel yourself moving faster!
You feel mighty!
You radiate an aura of cold.
Jorgrun resists.
Jorgrun gestures at you while chanting. The iron shot hits you!!
* * * LOW HITPOINT WARNING * * *
The grasping roots constrict you!
You die...

#.............###.......
###.............#.##......
###.......<.........#.)...#.
#..........##.........[..###
###.........## #.........[.#
#........#### ##....$.....##
####........####............#
#.........##..............##
##.........@g.....#......)#.
###.##...........####...)))
###...........## #.......
#........#### #.......
##......## ###..... #.......#
###... ###......# #...
##....## #### #...## #.


You could see Jorgrun (slow).

Vanquished Creatures
  An orc warlord (Orc:1)
  2 vault guards (Bailey)
  An ogre mage (Orc:1)
  Erolcha (D:13)
  2 catoblepae (D:13)
  A centaur warrior (D:14)
  2 boulder beetles
  4 two-headed ogres
  An orc high priest (Orc:1)
  Urug (D:13)
  Lodul (D:12)
  Pikel (D:4)
  A necromancer (D:13)
  3 orc knights
  A deep elf pyromancer (D:13)
  A deep elf zephyrmancer (D:13)
  2 cyclopes
  Maurice (D:11)
  10 ugly things
  3 orc sorcerers
  A manticore (D:11)
  3 rust devils
  An eye of devastation (shapeshifter) (D:13)
  A black mamba (Lair:1)
  3 cane toads (Lair:1)
  Jeremiah (D:8)
  An unseen horror (D:12)
  Maggie (D:6)
  A rime drake (Lair:1)
  6 komodo dragons
  A red devil (D:12)
  An ice devil (D:12)
  A kobold demonologist (D:13)
  3 meliai (D:14)
  A hellwing (D:12)
  2 polar bears (Lair:1)
  11 trolls
  Prince Ribbit (Bailey)
  3 hornets
  2 blink frogs (Lair:2)
  2 shadows (D:11)
  Sigmund (D:4)
  3 wraiths
  8 slime creatures (D:14)
  A vampire (D:11)
  A water elemental (D:13)
  4 humans (Bailey)
  30 yaks
  2 neqoxecs (D:12)
  2 wyverns (Lair:1)
  2 vampire mosquitoes (D:12)
  Edmund (D:4)
  8 wargs
  Menkaure (D:4)
  4 water moccasins
  Duvessa (D:6)
  31 orc warriors
  A sky beast (D:8)
  5 black bears
  An ice beast (D:6)
  6 centaurs
  9 ogres
  5 wolves (Lair:1)
  2 phantoms
  Blork the orc (D:6)
  6 kobold brigands
  18 bullfrogs
  4 scorpions
  12 wights
  Dowan (D:6)
  10 killer bees
  10 howler monkeys
  11 orc priests
  4 hounds
  3 jellies
  A sleepcap (D:6)
  A gnoll bouda (D:5)
  2 iguanas
  Natasha (thrice) (D:3)
  24 orc wizards
  Robin (D:3)
  7 gnolls (D:5)
  6 adders
  A white imp (D:8)
  2 ufetubi (D:5)
  3 worms
  4 dart slugs
  65 orcs
  7 bats
  7 endoplasms
  2 giant cockroaches
  10 hobgoblins
  3 jackals (D:2)
  26 kobolds
  6 quokkas
  A ball python (D:1)
  2 frilled lizards (D:1)
  18 goblins
  5 rats
503 creatures vanquished.

Notes
Turn   | Place    | Note
-------+----------+-------------------------------------------
     0 | D:1      | perezv8180 the Troll Monk began the quest for the Orb.
     0 | D:1      | Reached XP level 1. HP: 22/22 MP: 0/0
   200 | D:1      | Found a faded altar of an unknown god.
   315 | D:1      | Reached XP level 2. HP: 25/29 MP: 1/1
   388 | D:1      | Reached skill level 4 in Unarmed Combat
   891 | D:2      | Reached XP level 3. HP: 35/36 MP: 2/2
  1359 | D:3      | Reached skill level 5 in Unarmed Combat
  1359 | D:3      | Reached XP level 4. HP: 44/44 MP: 3/3
  1438 | D:3      | Noticed Natasha
  1454 | D:3      | Killed Natasha
  1585 | D:3      | Reached XP level 5. HP: 50/50 MP: 4/4
  1598 | D:3      | Noticed Robin
  1602 | D:3      | Killed Robin
  1646 | D:3      | Reached skill level 6 in Unarmed Combat
  1739 | D:3      | Noticed Natasha
  1745 | D:3      | Killed Natasha
  1871 | D:3      | Found Qungov's Assorted Antiques.
  2187 | D:3      | Identified a scroll of acquirement
  2187 | D:3      | Acquired the +4 skin of Zhor {*Englaciate rC+++ SInv}
  2187 | D:3      | Found the +4 skin of Zhor {*Englaciate rC+++ SInv}
  2284 | D:3      | Noticed Natasha
  2290 | D:3      | Killed Natasha
  2295 | D:3      | Bought a scroll labelled REOMIS CE SIPS for 21 gold pieces
  2744 | D:4      | Found a staircase to the Ecumenical Temple.
  2771 | D:4      | Reached XP level 6. HP: 59/59 MP: 5/5
  2797 | D:4      | Reached skill level 7 in Unarmed Combat
  2812 | D:4      | Noticed Sigmund
  2818 | D:4      | Killed Sigmund
  2898 | D:4      | Noticed Menkaure
  2918 | D:4      | Killed Menkaure
  2919 | D:4      | Reached skill level 8 in Unarmed Combat
  2919 | D:4      | Reached XP level 7. HP: 55/66 MP: 6/6
  2957 | D:4      | Noticed Edmund
  2974 | D:4      | Killed Edmund
  2975 | D:4      | Reached skill level 9 in Unarmed Combat
  3105 | D:4      | Noticed Pikel
  3139 | D:4      | Killed Pikel
  3140 | D:4      | Reached skill level 10 in Unarmed Combat
  3140 | D:4      | Reached XP level 8. HP: 70/74 MP: 7/7
  3193 | Temple   | Entered the Ecumenical Temple
  3234 | D:5      | Entered Level 5 of the Dungeon
  3482 | D:5      | Reached skill level 11 in Unarmed Combat
  4006 | D:5      | Found an opulent altar of Gozag.
  4006 | D:5      | Found a snail-covered altar of Cheibriados.
  4347 | D:6      | Reached XP level 9. HP: 87/87 MP: 8/8
  4398 | D:6      | Found a shimmering altar of Xom.
  4401 | D:6      | Reached skill level 5 in Fighting
  4533 | D:6      | Noticed Blork the orc
  4541 | D:6      | Killed Blork the orc
  4603 | D:6      | Noticed Maggie
  4622 | D:6      | Killed Maggie
  4710 | D:6      | Reached skill level 12 in Unarmed Combat
  4759 | D:6      | Noticed Dowan
  4760 | D:6      | Noticed Duvessa
  4762 | D:6      | Killed Dowan
  4765 | D:6      | Killed Duvessa
  5032 | D:7      | Found a transporter.
  5032 | D:7      | Noticed 0gre's ghost (novice GnIE)
  5036 | D:7      | Found a transporter.
  5059 | D:7      | Noticed a cyclops
  5077 | D:7      | Killed a cyclops
  5078 | D:7      | Reached skill level 5 in Dodging
  5658 | D:8      | Noticed Jeremiah
  5667 | D:7      | Reached XP level 10. HP: 91/96 MP: 9/9
  5709 | D:8      | Killed Jeremiah
  5918 | D:8      | Found a glowing silver altar of Zin.
  5919 | D:8      | Noticed an angel
  5968 | D:8      | Found an iron altar of Okawaru.
  6043 | D:8      | Noticed a two-headed ogre
  6091 | D:8      | Killed a two-headed ogre
  6119 | D:8      | Found a flagged portal.
  6132 | Bailey   | Entered a bailey
  6151 | Bailey   | Reached skill level 13 in Unarmed Combat
  6234 | Bailey   | Noticed a vault guard
  6252 | Bailey   | Killed a vault guard
  6253 | Bailey   | Reached skill level 14 in Unarmed Combat
  6275 | Bailey   | Noticed a vault guard
  6275 | Bailey   | Noticed Prince Ribbit
  6289 | Bailey   | Killed a vault guard
  6290 | Bailey   | Reached XP level 11. HP: 63/102 MP: 10/10
  6292 | Bailey   | Killed Prince Ribbit
  6477 | D:8      | Became a worshipper of Warmaster Okawaru
  6477 | D:8      | Reached * piety under Okawaru
  6477 | D:8      | Reached ** piety under Okawaru
  7334 | D:9      | Reached skill level 15 in Unarmed Combat
  7653 | D:9      | Found a staircase to the Orcish Mines.
  7835 | D:9      | Reached *** piety under Okawaru
  8037 | D:10     | Entered Level 10 of the Dungeon
  8128 | D:10     | Reached skill level 16 in Unarmed Combat
  8172 | D:10     | Found a blossoming altar of Fedhas.
  8363 | D:10     | Reached **** piety under Okawaru
  8409 | D:10     | Found a staircase to the Lair.
  8449 | D:10     | Reached skill level 17 in Unarmed Combat
  8500 | D:10     | Found a radiant altar of Vehumet.
  8602 | Lair:1   | Entered Level 1 of the Lair of Beasts
  8611 | Lair:1   | Reached ***** piety under Okawaru
  8687 | Lair:1   | Reached XP level 12. HP: 108/111 MP: 11/11
  8704 | Lair:1   | Noticed a boulder beetle
  8720 | Lair:1   | Killed a boulder beetle
  9023 | Lair:1   | Reached skill level 18 in Unarmed Combat
  9518 | Lair:2   | Received a gift from Okawaru
  9666 | Lair:2   | Noticed an eight-headed hydra
  9771 | D:11     | Noticed Maurice
  9775 | D:11     | Maurice stole a +6 ring of intelligence
  9778 | D:11     | Killed Maurice
  9929 | D:11     | Reached skill level 19 in Unarmed Combat
 10297 | D:12     | Noticed Lodul
 10414 | D:12     | Killed Lodul
 10414 | D:12     | Reached ****** piety under Okawaru
 10414 | D:12     | Received a gift from Okawaru
 10472 | D:12     | Noticed a two-headed ogre
 10479 | D:12     | Killed a two-headed ogre
 10483 | D:12     | Noticed a boulder beetle
 10497 | D:12     | Killed a boulder beetle
 10498 | D:12     | Reached XP level 13. HP: 105/118 MP: 12/12
 10550 | D:12     | Gained mutation: You occasionally lose the ability to drink
                  | potions when taking damage. [a neqoxec]
 10789 | D:12     | Reached skill level 20 in Unarmed Combat
 10839 | D:12     | Gained mutation: You are frail. (-10% HP) [a neqoxec]
 10848 | D:12     | Lost mutation: You occasionally lose the ability to drink
                  | potions when taking damage. [potion of mutation]
 10848 | D:12     | Lost mutation: You are frail. (-10% HP) [potion of
                  | mutation]
 10848 | D:12     | Gained mutation: Your body sometimes deteriorates upon
                  | taking damage. [potion of mutation]
 10848 | D:12     | Gained mutation: You are robust. (+10% HP) [potion of
                  | mutation]
 10849 | D:12     | Lost mutation: Your body sometimes deteriorates upon taking
                  | damage. [potion of mutation]
 10849 | D:12     | Lost mutation: You are robust. (+10% HP) [potion of
                  | mutation]
 10849 | D:12     | Gained mutation: Your body sometimes deteriorates upon
                  | taking damage. [potion of mutation]
 10849 | D:12     | Gained mutation: You are resistant to electric shocks.
                  | (rElec) [potion of mutation]
 10849 | D:12     | Gained mutation: Your spells are a little harder to cast,
                  | but a little more powerful. [potion of mutation]
 10850 | D:12     | Lost mutation: You are resistant to electric shocks.
                  | (rElec) [potion of mutation]
 10850 | D:12     | Lost mutation: Your body sometimes deteriorates upon taking
                  | damage. [potion of mutation]
 10850 | D:12     | Lost mutation: Your spells are a little harder to cast, but
                  | a little more powerful. [potion of mutation]
 10850 | D:12     | Gained mutation: You are dopey. (Int -2) [potion of
                  | mutation]
 10850 | D:12     | Gained mutation: You are vulnerable to heat. (rF-) [potion
                  | of mutation]
 10850 | D:12     | Gained mutation: You have large cloven feet. [potion of
                  | mutation]
 10851 | D:12     | Lost mutation: You are vulnerable to heat. (rF-) [potion of
                  | mutation]
 10851 | D:12     | Lost mutation: You are dopey. (Int -2) [potion of mutation]
 10851 | D:12     | Gained mutation: Armour fits poorly on your strangely
                  | shaped body. [potion of mutation]
 10851 | D:12     | Gained mutation: You are somewhat resistant to further
                  | mutation. [potion of mutation]
 11299 | D:13     | Noticed Erolcha
 11304 | D:13     | Killed Erolcha
 11654 | D:13     | Received a gift from Okawaru
 11807 | D:13     | Noticed Urug
 11813 | D:13     | Killed Urug
 11877 | D:13     | Found a gate to the Vaults.
 12428 | D:14     | Reached skill level 21 in Unarmed Combat
 12677 | D:14     | Received a gift from Okawaru
 13315 | Orc:1    | Entered Level 1 of the Orcish Mines
 13422 | Orc:1    | Noticed an orc warlord
 13442 | D:9      | Acquired a +0 vampiric lajatang
 13442 | D:9      | Received a gift from Okawaru
 13443 | D:9      | Acquired the +2 kite shield of Boib {rF+++ Int-2 Dex+3
                  | Stlth-}
 13443 | D:9      | Received a gift from Okawaru
 13575 | D:9      | Received a gift from Okawaru
 13576 | D:9      | Reached skill level 22 in Unarmed Combat
 13639 | Orc:1    | Reached skill level 1 in Shields
 13652 | Orc:1    | Killed an orc warlord
 13717 | Orc:1    | Reached XP level 14. HP: 127/127 MP: 13/13
 14082 | Orc:1    | Found a runed translucent gate.
 14082 | Orc:1    | Found a runed translucent gate.
 14082 | Orc:1    | Found a runed translucent gate.
 14116 | Orc:1    | Noticed Caicsaam's ghost (journeyman MiFi)
 14240 | Orc:1    | Found the +4 robe of Folly {Brill Will-∞ Int+8}
 14505 | Orc:2    | Entered Level 2 of the Orcish Mines
 14505 | Orc:2    | Found Qewkuim's Distillery.
 14518 | Orc:2    | Paralysed by an orc sorcerer for 2 turns
 14534 | Orc:2    | Bought a potion of berserk rage for 70 gold pieces
 14534 | Orc:2    | Bought a potion of invisibility for 112 gold pieces
 14534 | Orc:2    | Bought a potion of mutation for 112 gold pieces
 14589 | Orc:2    | Received a gift from Okawaru
 14597 | Orc:2    | Reached skill level 5 in Shields
 14621 | Orc:2    | Found Qeacan's Jewellery Emporium.
 14630 | Orc:2    | Bought a +6 ring of strength for 540 gold pieces
 14640 | Orc:2    | Noticed an orc warlord
 14644 | Orc:2    | Noticed Jorgrun
 14892 | Orc:2    | HP: 4/190 [Jorgrun/iron shot (35)]
 14892 | Orc:2    | Constricted to death by Jorgrun

Illustrated notes

Levels and vault maps discovered:
D:1:      dpeg_chamrin_arrival_tetris, layout_basic,
          ebering_ecumenical_altar_webs, feat_on_display
D:2:      layout_loops_ring, item_on_display_b
D:3:      layout_basic, serial_shops, shop, uniq_robin, uniq_natasha
D:4:      cheibrodos_helix_gallery, layout_loops_cross, temple_doors_e,
          minmay_misc_feat_more_columns, nicolae_zen_rock_garden, uniq_pikel,
          uniq_sigmund, uniq_edmund, uniq_menkaure
D:5:      layout_basic, nicolae_overflow_two_pavilions,
          chequers_serial_rivers_room_b
D:6:      layout_loops_ring, mainiacjoe_overflow_alcove_4, uniq_blork_the_orc,
          uniq_duvessa, uniq_maggie
D:7:      layout_loops_ring, gammafunk_ghost_arena, dk_noncrumbling_3
D:8:      layout_layer_cave, hellmonk_okawaru_the_only_friend_you_need,
          zin_angel, enter_bailey_3, uniq_jeremiah
D:9:      layout_loops_corners, david_orc_4, minmay_misc_feat_alley
D:10:     layout_roguey, fedhas_altar_1, vehumet_altar_wand_db,
          due_lair_maze_entry_diamond, minmay_crystal_water
D:11:     layout_roguey, uniq_maurice
D:12:     layout_rooms, nicolae_neqoxec_dot_bat, uniq_lodul
D:13:     nicolae_cairo_tiling_large, layout_basic, david_vaults_1,
          kennysheep_island_fort, uniq_erolcha, uniq_urug
D:14:     layout_small_grid, minivault_27
Temple:   nicolae_temple_no_exploring_needed
Lair:1:   layout_long_grid, serial_bayou_shore_b, grunt_megastairs_2
Lair:2:   layout_chaotic_city
Orc:1:    layout_diamond_mine, gammafunk_ghost_necromancy,
          dreamdust_deal_with_the_devil, guppyfry_orc_lava_fort
Orc:2:    grunt_orc_gardens, layout_diamond_mine, grunt_orc_garden,
          grunt_orc_garden, grunt_orc_garden, grunt_orc_garden, serial_shops,
          shop, uniq_jorgrun

Skill      XL: |  1  2  3  4  5  6  7  8  9 10 11 12 13 14 |
---------------+-------------------------------------------+-----
Unarmed Combat | 4 5 6 8 10 11 12 14 17 19 22 | 22.0
Fighting       | 4 5 |  5.0
Dodging        | 5 7 |  7.0
Shields        | 2 5 |  5.1

Action                     |  1- 3 |  4- 6 |  7- 9 | 10-12 | 13-15 || total
---------------------------+-------+-------+-------+-------+-------++-------
  Melee: Unarmed           |    67 |   106 |   191 |   578 |   417 ||  1359
         Kick              |       |       |       |       |   147 ||   147
 Invoke: Receive Weapon    |       |       |       |       |     1 ||     1
         Receive Armour    |       |       |       |       |     1 ||     1
    Use: Scroll            |       |     6 |     1 |     5 |    11 ||    23
         Potion            |       |       |       |       |    12 ||    12
 Armour: Robe              |    40 |    36 |       |       |       ||    76
         Animal skin       |       |    24 |   115 |   285 |   285 ||   709
         Skin              |       |       |       |       |     4 ||     4
  Dodge: Dodged            |    24 |    27 |    47 |   220 |   166 ||   484
  Block: Kite shield       |       |       |       |       |    29 ||    29

Table legend: (Time is in decaauts)
 A = Elapsed time spent in this place.
 B = Non-inter-level travel time spent in this place.
 C = Inter-level travel time spent in this place.
 D = Time resting spent in this place.
 E = Time spent auto-exploring this place.
 F = Levels seen in this place.
 G = Mean time per level.
                   A        B        C        D        E       F      G
               +--------+--------+--------+--------+--------+-----+--------+
         Total |  14505 |  13830 |    675 |   1057 |   9212 |  20 |  725.2 |
       Dungeon |  12005 |  11457 |    548 |    725 |   8156 |  14 |  857.5 |
        Temple |      1 |      1 |      0 |      0 |      0 |   1 |    1.0 |
          Lair |   1094 |   1002 |     92 |      0 |    685 |   2 |  547.0 |
  Orcish Mines |   1235 |   1201 |     34 |    331 |    371 |   2 |  617.5 |
        Bailey |    168 |    168 |      0 |      0 |      0 |   1 |  168.0 |
               +--------+--------+--------+--------+--------+-----+--------+

Top non-repeatable levels by time:
     D:9: 1494 daAuts
    D:13: 1351 daAuts
   Orc:1: 1066 daAuts
     D:3: 1053 daAuts
     D:8: 976 daAuts
     D:5: 974 daAuts
     D:4: 877 daAuts
  Lair:1: 846 daAuts
    D:12: 818 daAuts
     D:6: 766 daAuts
     D:1: 699 daAuts
    D:14: 675 daAuts
     D:7: 657 daAuts
     D:2: 597 daAuts
    D:10: 588 daAuts
